 Dungeon Crawl Stone Soup version 0.29.1-13-g9f3cf754e1 (webtiles) character file.

Game seed: 2159858179956542885

0 Thatpatchoflichen the Shooter (level 1, 0/22 HPs)
             Began as an Ogre Hunter on Jan 31, 2023.
             Slain by a gnoll
             ... wielding a +0 flail
              (9 damage)
             ... on level 1 of the Dungeon.
             The game lasted 00:00:22 (77 turns).

Thatpatchoflichen the Shooter (Ogre Hunter)           Turns: 77, Time: 00:00:23

Health: 0/22       AC:  3    Str: 14    XL:     1   Next: 0%
Magic:  1/1        EV: 10    Int: 10    God:
Gold:   0          SH:  0    Dex: 12    Spells: 0/0 levels left

rFire   . . .      SeeInvis .   a - +0 shortbow
rCold   . . .      Faith    .   (shield currently unavailable)
rNeg    . . .      Spirit   .   c - +0 robe
rPois   .          Reflect  .   (helmet restricted)
rElec   .          Harm     .   (no cloak)
rCorr   .          Rampage  .   (gloves unavailable)
Will    .....                   (boots unavailable)
Stlth   +.........              (no amulet)
HPRegen 0.07/turn               (no ring)
MPRegen 0.07/turn               (no ring)

@: no status effects
A: large, unfitting armour, tough skin 1
a: no special abilities


You were on level 1 of the Dungeon.
You visited 1 branch of the dungeon, and saw 1 of its levels.

Inventory:

Hand Weapons
 a - a +0 shortbow (weapon)
Armour
 c - a +0 robe (worn)
Scrolls
 b - a scroll of immolation


   Skills:
 + Level 2.6 Fighting
 + Level 2.9 Ranged Weapons
 + Level 1.7 Dodging
 + Level 0.6 Stealth


You couldn't memorise any spells.
You didn't know any spells.
Your spell library was empty.

Dungeon Overview and Level Annotations

Branches:
Dungeon (1/15)

Altars:


Innate Abilities, Weirdness & Mutations

You are too large for most types of armour.
You have tough skin. (AC +1)


Message History

The bat attacks as you move away! The bat completely misses you.
The bat hits you but does no damage. x2
The bat hits you. The bat barely misses you.
The bat hits you but does no damage. The bat hits you but does no damage.
There is a stone staircase leading down here.
The bat barely misses you. The giant cockroach barely misses you.
The bat hits you. The endoplasm freezes you.
You are frozen.
Really attack while wielding your +0 shortbow? [Y]es or [N]o only, please.
Really attack while wielding your +0 shortbow?
Okay, then.
Fire: a) +0 shortbow
Press: ? - help, Q - select action Shift-Dir - straight line, f - giant cockroach
Aim: a giant cockroach (59% to hit)
You shoot an arrow.
The arrow barely misses the giant cockroach.
The bat hits you but does no damage. The giant cockroach closely misses you.
The giant cockroach barely misses you. The endoplasm closely misses you.
Fire: a) +0 shortbow
Press: ? - help, Q - select action Shift-Dir - straight line, f/p - giant cockroach
Aim: a giant cockroach (59% to hit)
You shoot an arrow.
The arrow barely misses the giant cockroach.
The bat hits the plant.
The plant begins to die.
The bat hits the plant. x2
The giant cockroach bites you but does no damage.
The endoplasm completely misses you. The giant cockroach bites you.
Fire: a) +0 shortbow
Press: ? - help, Q - select action Shift-Dir - straight line, f/p - giant cockroach
Aim: a giant cockroach (59% to hit)
You shoot an arrow. The arrow hits the giant cockroach.
The giant cockroach is severely wounded.
The gnoll hits you with a +0 flail. The endoplasm freezes you.
You are frozen.
The giant cockroach closely misses you. The endoplasm freezes you.
You are frozen.
The gnoll hits you with a +0 flail!
You die...

....P...PPP.#
....P......#
..P...P...#
#.P.P...P.# #
##.P...P.P.#
..#.##...P..PP..#
#......#.bJ.....#
#.J>Bg####.#
###..##@# .#
#....##J####.####
#....##J##.........#
)..### #.....#......#
## #####.#.....###
### #..######.####.##
##.....#'#.##...#
###.###.##'.....
#######..##...###...#


You could see a gnoll, 3 endoplasms, a giant cockroach and a bat.

Vanquished Creatures (others)
  4 plants (D:1)
4 creatures vanquished.

Notes
Turn   | Place    | Note
-------+----------+-------------------------------------------
     0 | D:1      | Thatpatchoflichen the Ogre Hunter began the quest for the
                  | Orb.
     0 | D:1      | Reached XP level 1. HP: 22/22 MP: 1/1
    77 | D:1      | Slain by a gnoll

Illustrated notes

Levels and vault maps discovered:
D:1:      dpeg_arrival_rhombi, layout_rooms, nicolae_grassy_gnolls

Action                   || total
-------------------------++-------
 Fire: Shortbow          ||     3
Armor: Robe              ||     9
Dodge: Dodged            ||    18
